 Dungeon Crawl Stone Soup version 0.28-a0-667-g162e43154e (webtiles) character file.

Game seed: 18364426517914194396

564 BlueGoblin the Sneak (level 7, -8/45 HPs)
             Began as an Octopode Brigand on Oct 17, 2021.
             Mangled by Duvessa (15 damage)
             ... on level 4 of the Dungeon.
             The game lasted 00:06:14 (4166 turns).

BlueGoblin the Sneak (Octopode Brigand)             Turns: 4166, Time: 00:06:15

Health: -8/45      AC:  1    Str: 10    XL:     7   Next: 32%
Magic:  7/7        EV: 19    Int: 14    God:
Gold:   197        SH:  4    Dex: 15    Spells: 6/6 levels left

rFire   . . .      SeeInvis .   a - +2 dagger (freeze)
rCold   . . .      Faith    .   r - +0 buckler
rNeg    . . .      Spirit   .   (helmet restricted)
rPois   .          Reflect  .   (no amulet)
rElec   .          Harm     .   g - +4 ring of evasion
rCorr   .          Rampage  .   (no ring)
Will    .....                   (no ring)
Stlth   ++++......              (no ring)
HPRegen 0.15/turn               (no ring)
MPRegen 0.10/turn               (no ring)
                                (no ring)
                                (no ring)

@: no status effects
A: almost no armour, amphibious, 8 rings, camouflage 1, gelatinous body 1,
(nimble swimmer 1), tentacles
a: no special abilities


You were on level 4 of the Dungeon.
You visited 1 branch of the dungeon, and saw 4 of its levels.

You collected 197 gold pieces.

Inventory:

Hand Weapons
 a - a +2 dagger of freezing (weapon)
 e - a +1 dagger of speed
Missiles
 b - 8 poisoned darts (quivered)
 c - 2 curare-tipped darts
 f - 36 sling bullets
 o - 31 bolts
Armour
 r - a +0 buckler (worn)
Jewellery
 g - a +4 ring of evasion (left tentacle)
 h - a +6 ring of intelligence
Wands
 p - a wand of flame (17)
Scrolls
 j - a scroll of amnesia
 l - a scroll of noise {unknown}
 m - a scroll of teleportation
 n - a scroll of identify
 x - a scroll of acquirement {unknown}
Potions
 d - a potion of haste
 i - 2 potions of heal wounds {unknown}
 k - a potion of flight {unknown}
 q - a potion of ambrosia {unknown}
 s - a potion of might {unknown}
 t - 2 potions of mutation {unknown}
 u - 2 potions of brilliance {unknown}
 v - a potion of cancellation {unknown}
 w - a potion of curing {unknown}


   Skills:
 - Level 2.1 Fighting
 - Level 2.6 Short Blades
 - Level 2.2 Throwing
 * Level 6.0 Dodging
 - Level 6.8 Stealth
 * Level 2.4 Shields


You had 6 spell levels left.
You didn't know any spells.
Your spell library contained the following spells:

 Spells                   Type           Power      Damage    Failure   Level
 Magic Dart               Conj           0%         1d3       34%         1
 Call Imp                 Summ           0%         N/A       47%         2
 Slow                     Hex            0%         N/A       47%         2
 Confusing Touch          Hex            0%         N/A       71%         3
 Mephitic Cloud           Conj/Pois/Air  0%         N/A       71%         3
 Vampiric Draining        Necr           0%         2d6       71%         3
 Yara's Violent Unravell  Hex/Tmut       0%         3d3       100%        5


Dungeon Overview and Level Annotations

Branches:
Dungeon (4/15)
 Temple: D:4-7

Altars:
Cheibriados
Elyvilon
Wu Jian
The Shining One

Annotations:
D:4 1 transporter, Blork the orc, Dowan, Duvessa, Purgy


Innate Abilities, Weirdness & Mutations

You cannot wear most types of armour.
You are amphibious.
You can wear up to eight rings at the same time.
Your skin changes colour to match your surroundings (Stealth+).
Your rubbery body absorbs attacks. (AC +1, EV +1)
((You are camouflaged near water. (Stealth+)))
You have tentacles for arms and can constrict up to eight enemies at once.


Message History

Dowan shouts!
Duvessa shouts!
You hear a shout!
Dowan mumbles some strange words.
Dowan blinks!
You start waiting.
Purgy the Meek comes into view.
Dowan shouts!
You hear a shout! x2
Blork the orc comes into view.
He is wielding a +0 hand axe and wearing a +1 robe of willpower.
Blork the orc shouts!
Duvessa says, "My weaknesses are his strengths!"
Dowan mumbles some strange words.
Dowan blinks!
Blork the orc looks braver for a moment.
Blork the orc gestures wildly while chanting.
Blork the orc seems to speed up.
Something hits the plant!
The plant begins to die.
There is a stone staircase leading up here.
You block Duvessa's attack.
You climb upwards.
There is a stone staircase leading down here.
You start waiting.
Done waiting.
You climb downwards.
Level annotation: 1 transporter, Blork the orc, Dowan, Duvessa, Purgy Duvessa drinks a potion.
Duvessa goes berserk!
Duvessa barely misses you.
There is a stone staircase leading up here.
Duvessa barely misses you.
You climb upwards.
There is a stone staircase leading down here.
You climb downwards.
Level annotation: 1 transporter, Blork the orc, Dowan, Duvessa, Purgy Purgy shouts!
You hear a shout!
Duvessa hits you with a +1 short sword of freezing!
Duvessa freezes you.
Duvessa hits you with a +1 short sword of freezing!
* * * LOW HITPOINT WARNING * * *
Duvessa freezes you.
* * * LOW HITPOINT WARNING * * *
There is a stone staircase leading up, spattered with blood here.
Duvessa hits you with a +1 short sword of freezing!
You die...

##.#.###......# .........#.##)#
### ##.#.##..#.##.###.##
...#.##..#.........#
...#........#>###.####
##.###........#......# ##.#
##.######....##.# <#.# ###
#....##.# .#.# #..@###.######
.#.## ##.Te........# ....#
####.#########.## .##.#
#.......# #..### .##.#
#.##.##e# ##...# ###.#
..#..#....#######.#.##
###.####.#.........e.e........#
.........#.P.....#####oP#'##..#
####.#####.#######...#..#..#..#


You could see Duvessa (berserk) and Purgy.

Vanquished Creatures
  Sigmund (D:2)
  An ogre (D:4)
  A hound (D:3)
  A jelly (D:3)
  A centaur skeleton (D:2)
  Natasha (twice) (D:2)
  An iguana (D:3)
  A hound skeleton (D:3)
  7 adders
  A worm (D:2)
  2 dart slugs (D:2)
  5 orcs
  5 ball pythons
  8 bats
  6 endoplasms
  A giant cockroach (D:2)
  8 goblins
  10 hobgoblins
  4 jackals (D:2)
  8 kobolds
  3 quokkas
  6 frilled lizards
  3 rats
86 creatures vanquished.

Vanquished Creatures (others)
  2 plants (D:4)
2 creatures vanquished.

Grand Total: 88 creatures vanquished

Notes
Turn   | Place    | Note
-------+----------+-------------------------------------------
     0 | D:1      | BlueGoblin the Octopode Brigand began the quest for the
                  | Orb.
     0 | D:1      | Reached XP level 1. HP: 14/14 MP: 1/1
    97 | D:1      | Reached XP level 2. HP: 6/19 MP: 2/2
  1167 | D:1      | Reached XP level 3. HP: 20/24 MP: 3/3
  1934 | D:2      | Found a white marble altar of Elyvilon.
  2172 | D:2      | Reached XP level 4. HP: 28/29 MP: 4/4
  2316 | D:2      | Noticed Sigmund
  2321 | D:2      | Killed Sigmund
  2322 | D:2      | Reached XP level 5. HP: 34/34 MP: 5/5
  2322 | D:2      | Reached XP level 6. HP: 39/39 MP: 6/6
  2337 | D:2      | Found a faded altar of an unknown god.
  2348 | D:2      | Noticed Natasha
  2350 | D:2      | Killed Natasha
  2605 | D:2      | Noticed Natasha
  2612 | D:2      | Killed Natasha
  2613 | D:2      | Reached skill level 5 in Dodging
  3109 | D:3      | Found an ornate altar of the Wu Jian Council.
  3301 | D:3      | Reached skill level 1 in Shields
  3418 | D:3      | Found a glowing golden altar of the Shining One.
  3418 | D:3      | Found a snail-covered altar of Cheibriados.
  3704 | D:3      | Reached XP level 7. HP: 45/45 MP: 7/7
  3974 | D:4      | Found a transporter.
  3978 | D:4      | Noticed Dowan
  3980 | D:4      | Noticed Duvessa
  4023 | D:4      | Noticed Purgy
  4028 | D:4      | Noticed Blork the orc
  4166 | D:4      | Mangled by Duvessa

Illustrated notes

Levels and vault maps discovered:
D:1:      heliophobic_arrival_glass_houses, layout_basic,
          grunt_decor_one_mirror, minmay_split_cup_small
D:2:      minmay_inner_zag, layout_loops_cross, basic_altar,
          shapermc_ecumenical_altar_totnotflames, kennysheep_doodads,
          dk_noncrumbling_3, uniq_sigmund, uniq_natasha
D:3:      kennysheep_six_static_rooms, layout_loops_ring,
          mainiacjoe_overflow_large_starburst, nzn_wu_jian_council_hall
D:4:      corexii_shack_village, layout_loops_cross,
          minmay_temple_entry_enclosed_plants, gammafunk_ghost_arena,
          uniq_blork_the_orc, uniq_duvessa, uniq_purgy

Skill      XL: |  1  2  3  4  5  6  7 |
---------------+----------------------+-----
Stealth        | 6 |  6.8
Dodging        | 4 5 6 |  6.0
Shields        | 1 2 |  2.4
Fighting       | |  2.1
Short Blades   | |  2.6
Throwing       | |  2.2

Action                   |  1- 3 |  4- 6 |  7- 9 || total
-------------------------+-------+-------+-------++-------
Melee: Dagger            |    78 |    61 |    10 ||   149
       Constrict         |    15 |     9 |       ||    24
       Tentacles         |    12 |     4 |     1 ||    17
  Use: Scroll            |     5 |     1 |       ||     6
 Stab: Sleeping          |    14 |    14 |     7 ||    35
Armor: Skin              |     3 |     2 |       ||     5
Dodge: Dodged            |    20 |    32 |     4 ||    56
Block: Buckler           |       |     5 |     2 ||     7

Table legend: (Time is in decaauts)
 A = Elapsed time spent in this place.
 B = Non-inter-level travel time spent in this place.
 C = Inter-level travel time spent in this place.
 D = Time resting spent in this place.
 E = Time spent auto-exploring this place.
 F = Levels seen in this place.
 G = Mean time per level.
                   A        B        C        D        E       F      G
               +--------+--------+--------+--------+--------+-----+--------+
         Total |   4143 |   4057 |     86 |    494 |   2956 |   4 | 1035.8 |
       Dungeon |   4143 |   4057 |     86 |    494 |   2956 |   4 | 1035.8 |
               +--------+--------+--------+--------+--------+-----+--------+

Top non-repeatable levels by time:
     D:1: 1615 daAuts
     D:2: 1307 daAuts
     D:3: 952 daAuts
     D:4: 268 daAuts
